 Dungeon Crawl Stone Soup version 0.26.1-2-gb8aa6d0cf2 (webtiles) character file.

Game seed: 5965525082916666933

56 Gadfly the Skirmisher (level 3, -1/29 HPs)
             Began as a Demonspawn Monk on Feb 11, 2021.
             Slain by an adder (3 damage)
             ... on level 2 of the Dungeon.
             The game lasted 00:02:14 (2606 turns).

Gadfly the Skirmisher (Demonspawn Monk)             Turns: 2606, Time: 00:02:14

Health: -1/29      AC:  6    Str: 12    XL:     3   Next: 71%
Magic:  4/4        EV: 10    Int: 11    God:
Gold:   70         SH:  0    Dex: 15    Spells: 2/2 levels left

rFire    . . .     SeeInvis .   f - -2 whip (curse)
rCold    . . .     Faith    .   (no shield)
rNeg     . . .     Spirit   .   j - +0 scale mail
rPois    .         Reflect  .   (no helmet)
rElec    .         Harm     .   (no cloak)
rCorr    .         Rampage  .   (no gloves)
Will     .....                  (no boots)
Stlth    +.........             (no amulet)
HPRegen  0.09/turn              (no ring)
MPRegen  0.09/turn              (no ring)

@: lethally poisoned (-1 -> -2)
A: claws 1
a: no special abilities


You were on level 2 of the Dungeon.
You visited 1 branch of the dungeon, and saw 2 of its levels.

You collected 70 gold pieces.

Inventory:

Hand Weapons
 a - a +0 hand axe
 f - a cursed -2 whip (weapon)
Armour
 j - a +0 scale mail (worn)
Potions
 b - a potion of magic {unknown}
 c - a potion of might {unknown}
 d - a potion of heal wounds
 e - 2 potions of curing
 h - a potion of attraction {unknown}


   Skills:
 - Level 3.0 Fighting
 + Level 3.0 Axes
 * Level 1.6 Armour
 - Level 2.6 Dodging
 - Level 1.7 Stealth
 * Level 2.1 Invocations
 * Level 1.5 Evocations


You had 2 spell levels left.
You didn't know any spells.
Your spell library was empty.

Dungeon Overview and Level Annotations

Branches:
Dungeon (2/15)

Altars:


Innate Abilities, Weirdness & Mutations

You have sharp fingernails.


Message History

The adder is moderately wounded.
The adder barely misses you.
You hit the adder but do no damage.
The adder is moderately wounded.
* * * LOW HITPOINT WARNING * * *
You feel sick. The adder bites you but does no damage.
You closely miss the adder.
The adder is moderately wounded.
The adder misses you. The adder bites you but does no damage.
You hit the adder.
The adder is heavily wounded.
The adder bites you but does no damage.
You barely miss the adder.
The adder is moderately wounded.
The adder bites you but does no damage.
You barely miss the adder.
The adder is moderately wounded.
* * * LOW HITPOINT WARNING * * *
You feel sick. The adder closely misses you. The adder bites you.
You die...

########.#........##########
#........##########
#........# #### #........#
...#### #........# .......
#........# .......
#........# .......
#....รท...####g......
#.[........@Sgg.....
#........#####..[...
#............ .....
####'######## .... #.# ...
#.# ## #.# #.# ####### #.#
#.....#


You could see 2 gnolls, an adder and a hobgoblin.

Vanquished Creatures
  An adder (D:2)
  A worm (D:2)
  A dart slug (D:1)
  A leopard gecko (D:1)
  A giant cockroach (D:2)
  5 goblins (D:1)
  5 hobgoblins
  3 jackals (D:2)
  A quokka (D:2)
  A ball python (D:1)
  5 bats
  5 frilled lizards
  10 kobolds
  3 rats (D:1)
43 creatures vanquished.

Notes
Turn   | Place    | Note
-------+----------+-------------------------------------------
     0 | D:1      | Gadfly the Demonspawn Monk began the quest for the Orb.
     0 | D:1      | Reached XP level 1. HP: 18/18 MP: 1/1
   190 | D:1      | Reached skill level 1 in Invocations
   195 | D:1      | Gained mutation: You have sharp fingernails. [demonic
                  | ancestry]
   195 | D:1      | Reached XP level 2. HP: 18/24 MP: 2/2
   212 | D:1      | HP: 1/24 [kobold/+0 dagger (3)]
   576 | D:1      | Reached skill level 1 in Armour
   936 | D:1      | Reached skill level 1 in Evocations
  1831 | D:2      | Reached XP level 3. HP: 27/29 MP: 4/4
  2606 | D:2      | Slain by an adder

Illustrated notes

Levels and vault maps discovered:
D:1:      dpeg_arrival_tiny_j, layout_basic, minmay_heptomino_w4
D:2:      layout_basic

Skill      XL: |  1  2  3 |
---------------+----------+-----
Invocations    | 1 2 |  2.1
Armour         | 1 |  1.6
Evocations     | 1 |  1.5
Axes           | 3 |  3.0
Fighting       | |  3.0
Dodging        | |  2.6
Stealth        | |  1.7

Action                   || total
-------------------------++-------
Melee: Hand axe          ||    69
       Whip              ||   139
  Use: Scroll            ||     3
       Potion            ||     2
 Stab: Sleeping          ||     2
Armor: Robe              ||    12
       Ring mail         ||    10
       Scale mail        ||    58
Dodge: Dodged            ||   123
